 Dungeon Crawl Stone Soup version 0.30-b1-2-g02819fbbbe (webtiles) character file.

Game seed: 7597894052947729999

870 redmage the Digger (level 8, -4/57 HPs)
             Began as a Meteoran Earth Elementalist on Sept 7, 2023.
             Was an Initiate of Ashenzari.
             Slain by a killer bee (6 damage)
             ... on level 9 of the Dungeon.
             The game lasted 00:10:07 (728 turns).

redmage the Digger (Meteoran Earth Elementalist)     Turns: 728, Time: 00:10:08

Health: -4/57      AC:  3    Str:  9    XL:     8   Next: 48%
Magic:  17/19      EV: 12    Int: 19    God:    Ashenzari [......]
Gold:   169        SH:  0    Dex: 15    Spells: 15/21 levels left

rFire   + . .        (no weapon)
rCold   + . .        (no shield)
rNeg    . . .        a - +0 robe
rPois   +            (no helmet)
rElec   +            (no cloak)
rCorr   +            (no gloves)
SInv    .            g - +0 pair of boots "Loss of the Cursed Sage" {Evo, Fort} (curse)
Will    +....        (no amulet)
Stlth   +            (no ring)
HPRegen 0.29/turn    (no ring)
MPRegen 0.16/turn

%: no passive effects
@: lethally poisoned (-4 -> -35), resistant, glowing
A: sense surroundings 1, otherworldly, glowing, explore regen
a: Renounce Religion, Curse Item, Shatter the Chains


You were on level 9 of the Dungeon.
You worshipped Ashenzari.
Ashenzari was noncommittal.
You visited 1 branch of the dungeon, and saw 9 of its levels.
You also visited: Sewer.

You collected 169 gold pieces.

Inventory:

Armour
 a - a +0 robe (worn)
 g - the cursed +0 pair of boots "Loss of the Cursed Sage" (worn) {Evo, Fort}
   (You found it on level 3 of the Dungeon)

   It has a curse which improves the following skills: Evocations: Evocations.
   Fortitude: Armour and Shields.
Scrolls
 c - a scroll of fear {unknown}
 e - 2 scrolls of teleportation {unknown}
 j - a scroll of immolation {unknown}
 l - a scroll of identify {unknown}
 p - a scroll of vulnerability {unknown}
Potions
 b - a potion of magic
 d - a potion of might {unknown}
 f - a potion of curing {unknown}
 h - a potion of mutation {unknown}
 i - a potion of resistance
 k - a potion of invisibility {unknown}
 m - a potion of heal wounds {unknown}
 n - a potion of haste
 o - a potion of experience {unknown}


   Skills:
 - Level 2.5 Dodging
 - Level 1.4 Stealth
 + Level 7.3 Spellcasting
 + Level 3.9 Conjurations
 - Level 1.3 Transmutations
 + Level 7.7 Earth Magic


You had 15 spell levels left.
You knew the following spells:

 Your Spells              Type           Power      Damage    Failure   Level
a - Sandblast             Erth           72%        2d16      1%          1
b - Passwall              Tmut/Erth      20%        N/A       2%          2
c - Stone Arrow           Conj/Erth      58%        3d10      2%          3

Your spell library contained the following spells:

 Spells                   Type           Power      Damage    Failure   Level
 Beastly Appendage        Tmut           24%        N/A       6%          1
 Wereblood                Tmut           12%        N/A       9%          2
 Petrify                  Tmut/Erth      24%        N/A       16%         4
 Spider Form              Tmut/Pois      9%         N/A       22%         3


Dungeon Overview and Level Annotations

Branches:
Dungeon (9/15) Zot: 4768   Temple (0/1) D:6           Sewer (visited)
   Lair: D:8-11         Orc: D:9-12

Altars:
Ashenzari
Qazlal

Shops:
D:7 :


Innate Abilities, Weirdness & Mutations

You passively map a small area around you.
You are easily found by Zot.
You glow in the dark.
You regain HP and MP as you explore.


Message History

The blast of sand hits the killer bee!
The killer bee is severely wounded.
You feel very sick. The killer bee stings you.
You are more poisoned.
The killer bee poisons you! The killer bee stings you!
The killer bee closely misses you. The killer bee barely misses you.
The killer bee stings you!
You are more poisoned.
The killer bee poisons you! The killer bee closely misses you.
Casting: Sandblast (safe; 1% risk of failure)
Confirm with . or Enter, or press ? or * to list all spells.
Aiming: Sandblast (safe; 1% risk of failure)
Press: ? - help, Shift-Dir - straight line, f/p - killer bee
Aim: a killer bee (severely wounded, 67% to hit)
The blast of sand hits the killer bee!
You kill the killer bee!
* * * LOW HITPOINT WARNING * * *
You feel extremely sick. The killer bee completely misses you.
The killer bee stings you.
* * * LOW HITPOINT WARNING * * *
You are lethally poisoned!
The killer bee poisons you! The killer bee stings you.
* * * LOW HITPOINT WARNING * * *
You are more poisoned.
The killer bee poisons you! The killer bee closely misses you.
The killer bee barely misses you. x2; The killer bee stings you.
* * * LOW HITPOINT WARNING * * *
The killer bee stings you.
* * * LOW HITPOINT WARNING * * *
You are more poisoned.
The killer bee poisons you! The killer bee barely misses you.
It was a potion of resistance.
You feel protected.
* * * LOW HITPOINT WARNING * * *
You feel extremely sick. The killer bee closely misses you.
The killer bee completely misses you.
The killer bee stings you but does no damage.
The killer bee stings you.
You die...

,, , , , ..... ,
, , >, , * #...#
* , , #.(.# , ,
#...#,,, ,, , < ,
, #...# , , #,
#...# , , *
#.######y..#, , ,
, #......@y..####
,
#.......y.......
,
,#.....<.........
, ,
#.......######+#
, #.......#,, , ,
* ###.....#, , ,
#.....#, , , * ^
, #.....# , , *
#.....# *


You could see 3 killer bees.

Vanquished Creatures
  Grinder (D:3)
  A water moccasin (D:6)
  Pargi (Sewer)
  An ice beast (D:7)
  A killer bee (D:9)
  A hound (D:4)
  2 gnoll boudas
  An orc priest (D:6)
  2 orc wizards
  8 gnolls
  3 adders
  2 ufetubi
  A worm (D:6)
  2 dart slugs (D:1)
  7 orcs
  3 bats
  2 giant cockroaches
  2 goblins
  2 hobgoblins
  2 ball pythons
  A frilled lizard (D:1)
  6 kobolds
  5 rats
57 creatures vanquished.

Notes
Turn   | Place    | Note
-------+----------+-------------------------------------------
     0 | D:1      | redmage the Meteoran Earth Elementalist began the quest for
                  | the Orb.
     0 | D:1      | Reached XP level 1. HP: 14/14 MP: 5/5
    52 | D:1      | Reached XP level 2. HP: 19/20 MP: 3/6
    58 | D:1      | Learned a level 2 spell: Passwall
    80 | D:2      | Found a faded altar of an unknown god.
    87 | D:2      | Prayed at the altar of an unknown god.
    87 | D:2      | Became a worshipper of Ashenzari the Shackled
   116 | D:3      | Reached XP level 3. HP: 26/26 MP: 6/8
   137 | D:3      | Noticed Grinder
   142 | D:3      | Paralysed by Grinder for 2 turns
   147 | D:3      | Killed Grinder
   148 | D:3      | Reached skill level 5 in Spellcasting
   148 | D:3      | Reached XP level 4. HP: 33/33 MP: 1/12
   148 | D:3      | Reached XP level 5. HP: 38/38 MP: 1/14
   148 | D:3      | Reached XP level 6. HP: 45/45 MP: 1/15
   233 | D:4      | Reached XP level 7. HP: 50/50 MP: 10/16
   237 | D:4      | Learned a level 3 spell: Stone Arrow
   251 | D:5      | Entered Level 5 of the Dungeon
   271 | D:6      | Noticed a water moccasin
   271 | D:6      | Found a glowing drain.
   273 | D:6      | Killed a water moccasin
   274 | D:6      | Reached skill level 1 in Conjurations
   353 | D:6      | Found a staircase to the Ecumenical Temple.
   438 | D:6      | Reached XP level 8. HP: 57/57 MP: 9/19
   465 | Sewer    | Entered a sewer
   470 | Sewer    | Noticed Pargi
   473 | Sewer    | Killed Pargi
   622 | D:7      | Found Foucuff's Self-Improvement Boutique.
   680 | D:8      | Identified the +1 leather armour of Catatonia {Harm rPois
                  | rC- Str+6}
   692 | D:8      | Found a stormy altar of Qazlal.
   728 | D:9      | HP: 2/57 [poisoned by a killer bee]
   728 | D:9      | Slain by a killer bee

Illustrated notes

Levels and vault maps discovered:
D:1:      minmay_arrival_plants_in_alcoves, layout_basic, minmay_misc_feat_rows,
          minmay_rat_gold_closets
D:2:      minmay_roachtagon, layout_basic, basic_ecumenical_altar, serial_shops,
          nicolae_shop_tiny_glass, basic_altar
D:3:      layout_basic, nemelex_spade_bored_becter, uniq_grinder
D:4:      layout_layer_cave, xom_redecorated
D:5:      layout_cave_pools, serial_shops, nicolae_stop_n_shop_1,
          grunt_decor_resistance, uniq_pikel, uniq_ijyb
D:6:      layout_loops_ring, lemuel_tele_altar, nicolae_sif_muna_little_library,
          minmay_temple_entry_wispy, cheibrodos_sewer_entry_drain,
          uniq_blork_the_orc
D:7:      nicolae_BIG_FREAKIN_CUBE, layout_loops_cross, zin_purify,
          jmf_multi_god_temple2, serial_shops, kennysheep_little_box,
          minivault_25, nicolae_shop_self_help
D:8:      minmay_chambers_of_fours, layout_cave_pools,
          nicolae_qazlal_general_emergency
D:9:      layout_irregular_city, lair_entry_dummy, david_orc_3, enter_bailey_4

Skill      XL: |  1  2  3  4  5  6  7  8 |
---------------+-------------------------+-----
Spellcasting   | 3 5 6 7 |  7.3
Earth Magic    | 4 6 7 |  7.7
Conjurations   | 2 3 |  3.9
Dodging        | |  2.5
Stealth        | |  1.4
Transmutations | |  1.3

Action                     |  1- 3 |  4- 6 |  7- 9 || total
---------------------------+-------+-------+-------++-------
  Melee: Unarmed           |     2 |       |       ||     2
   Cast: Sandblast         |    32 |    10 |    37 ||    79
         Stone Arrow       |       |       |    14 ||    14
         Passwall          |       |       |     2 ||     2
 Invoke: Curse Item        |       |     1 |       ||     1
    Use: Potion            |       |       |     1 ||     1
 Armour: Robe              |     4 |       |     3 ||     7
  Dodge: Dodged            |     7 |     1 |    16 ||    24
